 Dungeon Crawl Stone Soup version 0.18-a0-1539-g1c7284a (webtiles) character file.

7346 mrath the Basher (level 10, 0/89 HPs)
             Began as a Minotaur Fighter on Mar 10, 2016.
             Was a High Priest of Okawaru.
             Slain by an unseen horror (5 damage)
             ... on level 10 of the Dungeon.
             The game lasted 00:49:28 (10444 turns).

mrath the Basher (Minotaur Fighter)                Turns: 10444, Time: 00:49:28

Health: 0/89       AC: 25    Str: 23    XL:     10   Next: 91%
Magic:  10/12      EV: 11    Int: 10    God:    Okawaru [*****.]
Gold:   584        SH: 18    Dex: 11    Spells: 0 memorised, 9 levels left

rFire  . . .     SeeInvis .     a - +0 flail
rCold  + . .     Gourm    .     X - +0 plate armour {MR+}
rNeg   . . .     Faith    .     h - +5 shield of the Sea {rC+}
rPois  .         Spirit   .     C - +2 hat
rElec  .         Dismiss  .     T - +0 cloak
rCorr  +         Reflect  .     (no gloves)
SustAt .         Harm     .     y - +0 pair of boots
MR     +....                    (no amulet)
Stlth  ..........               R - ring of the Raven {rCorr Fragile Int+5}
                                U - +4 ring of protection

@: heroism, somewhat resistant to hostile enchantments, extremely unstealthy
A: retaliatory headbutt, horns 2
a: Heroism, Finesse, Renounce Religion


You were on level 10 of the Dungeon.
You worshipped Okawaru.
Okawaru was extremely pleased with you.
You were not hungry.

You visited 2 branches of the dungeon, and saw 11 of its levels.
You also visited: Sewer.

You collected 584 gold pieces.

Inventory:

Hand Weapons
 a - a +0 flail (weapon)
 v - a +0 hunting sling
 L - a +0 trident of flaming
 Q - a +0 mace of holy wrath
Missiles
 g - 87 sling bullets
 z - 5 steel tomahawks (quivered)
 B - 67 poisoned needles
 H - 13 tomahawks
Armour
 h - the +5 shield of the Sea (worn) {rC+}
   (You found it on level 7 of the Dungeon)

   It protects you from cold.
 y - a +0 pair of boots (worn)
 C - a +2 hat (worn)
 T - a +0 cloak (worn)
 X - a +0 plate armour of magic resistance (worn)
 Z - a +1 plate armour of cold resistance
Jewellery
 u - a +3 ring of protection
 R - the ring of the Raven (right hand) {rCorr Fragile Int+5}
   (You found it on level 6 of the Dungeon)

   [ring of resist corrosion]

   It affects your intelligence (+5).
   It will be destroyed if unequipped.
 S - an uncursed ring of sustain attributes
 U - a +4 ring of protection (left hand)
 V - a ring of the Octopus King {rC+ AC+1 EV+1 Str+1 Int+1 Dex+1}
   (You found it on level 6 of the Dungeon)

   [ring of protection from cold]

   It affects your AC (+1).
   It affects your evasion (+1).
   It affects your strength (+1).
   It affects your intelligence (+1).
   It affects your dexterity (+1).
   It protects you from cold.
Wands
 j - a wand of digging (10/24)
 O - a wand of heal wounds (5/9)
 Y - a wand of lightning (7/15)
Scrolls
 e - 4 scrolls of remove curse
 n - 2 scrolls of amnesia {unknown}
 o - a scroll of identify
 q - 2 scrolls of magic mapping {unknown}
 r - 2 scrolls of enchant armour {unknown}
 t - a scroll of blinking {unknown}
 x - 2 scrolls of recharging {unknown}
 A - 3 scrolls of random uselessness {unknown}
 D - 2 scrolls of enchant weapon {unknown}
 E - a scroll of noise {unknown}
 G - a scroll of fear {unknown}
 I - a scroll of fog {unknown}
 J - 4 scrolls of teleportation {unknown}
 M - a scroll of immolation {unknown}
Potions
 b - 2 potions of haste {unknown}
 d - 4 potions of might
 i - 3 potions of agility
 l - 3 potions of mutation {unknown}
 m - 3 potions of resistance {unknown}
 s - 2 potions of degeneration {unknown}
 w - 7 potions of curing
 F - 3 potions of heal wounds {unknown}
 K - 2 potions of invisibility {unknown}
 N - 2 potions of flight {unknown}
Comestibles
 c - 10 royal jellies
 f - 9 bread rations
 k - 6 beef jerkies
 p - 4 fruits
 W - 3 meat rations


   Skills:
 + Level 8.3(13.3) Fighting
 + Level 10.3(15.3) Maces & Flails
 + Level 8.8(13.8) Armour
 + Level 6.7(11.7) Dodging
 + Level 8.7(13.7) Shields
 + Level 4.4 Invocations
 + Level 4.4 Evocations


You had 9 spell levels left.
You didn't know any spells.

Dungeon Overview and Level Annotations

Branches:
Dungeon (10/15)            Temple (1/1) D:4             Orc (0/2) D:9
   Lair: D:8-11

Altars:
Ashenzari
Dithmenos
Fedhas
Gozag
Kikubaaqudgha
Makhleb
Okawaru
Qazlal
Ru
Sif Muna
Trog
Vehumet
Xom
Yredelemnul
Zin
Beogh

Shops:
D:9 *


Innate Abilities, Weirdness & Mutations

You reflexively headbutt those who attack you in melee.
You have a pair of horns on your head.


Message History

You barely miss something. Something hits you.
* * * LOW HITPOINT WARNING * * *
You barely miss something. Something hits you.
* * * LOW HITPOINT WARNING * * *
Something hits you.
* * * LOW HITPOINT WARNING * * *
Something hits you.
* * * LOW HITPOINT WARNING * * *
Something hits you.
* * * LOW HITPOINT WARNING * * *
Drink which item? (? for menu, Esc to quit)
You feel better. Something hits you.
* * * LOW HITPOINT WARNING * * *
Something hits you but does no damage.
You gain the combat prowess of a mighty hero.
You feel slightly more hungry. Something hits you but does no damage.
Something hits you but does no damage. Something hits you but does no damage.
Something hits you.
You die...

.>##...## #.. #.....## #..
###..##### ##.. ##)....### .#
#... #.......### ...# #...
#.........## ...# #..#
#..........#### ...# #..#
#..#..........#### ...# #..#
#..#........#@...###[.#####.†#
##.##........####............#
#.##......>..###....#####....
#.###.........##...## ####.
#..[......##..## ##
##........#...# #
##########..## #..# #.##


There were no monsters in sight!

Vanquished Creatures
  Erica (D:8)
  A troll (D:9)
  A two-headed ogre (D:8)
  A hippogriff (D:7)
  A soldier ant (D:8)
  2 water moccasins (D:9)
  Duvessa (D:5)
  2 wasps
  An ice beast (D:7)
  A black bear (D:8)
  10 orc warriors
  3 phantoms
  8 ogres
  2 centaurs
  2 big kobolds (Sewer)
  A giant frog (D:7)
  Dowan (D:5)
  4 scorpions
  3 killer bees (D:9)
  An oklob sapling (D:4)
  10 wights (D:8)
  4 howler monkeys
  A centaur zombie (D:10)
  7 crimson imps
  2 giant frog zombies
  5 orc priests
  3 centaur skeletons
  A hound (D:4)
  2 giant frog skeletons
  13 orc wizards
  4 iguanas
  16 worker ants
  A hound zombie (D:7)
  2 hound skeletons
  A worker ant zombie (D:7)
  16 adders
  2 shadow imps
  2 oozes
  6 worms
  A dart slug (D:3)
  The ghost of asdu the Sneak, a weakling SpEn (D:3)
  7 giant geckos
  46 orcs
  8 bats
  6 giant cockroaches
  4 goblins
  3 hobgoblins (D:2)
  7 jackals
  22 kobolds
  6 quokkas
  4 ball pythons (Sewer)
  5 giant newts
  9 rats
  A plant (D:4)
275 creatures vanquished.

Notes
Turn   | Place    | Note
--------------------------------------------------------------
     0 | D:1      | mrath the Minotaur Fighter began the quest for the Orb.
     0 | D:1      | Reached XP level 1. HP: 19/19 MP: 0/0
   251 | D:1      | Reached skill level 3 in Maces & Flails
   309 | D:1      | Reached XP level 2. HP: 26/26 MP: 1/1
   640 | D:2      | Reached skill level 4 in Maces & Flails
   768 | D:2      | Reached XP level 3. HP: 31/31 MP: 2/2
   883 | D:2      | Reached skill level 5 in Maces & Flails
  1012 | D:2      | Reached XP level 4. HP: 39/39 MP: 3/3
  1405 | D:3      | Noticed asdu's ghost (weakling SpEn)
  1409 | D:3      | Killed asdu's ghost
  1436 | D:3      | Found a shattered altar of Ashenzari.
  1749 | D:3      | Found an opulent altar of Gozag.
  1771 | D:3      | Reached skill level 6 in Maces & Flails
  1990 | D:3      | Reached XP level 5. HP: 43/45 MP: 4/4
  2463 | D:4      | Reached skill level 7 in Maces & Flails
  2484 | D:4      | Found a staircase to the Ecumenical Temple.
  2722 | D:4      | Reached XP level 6. HP: 52/52 MP: 5/5
  2731 | D:4      | Found a glowing drain.
  2740 | D:4      | Reached skill level 1 in Dodging
  2756 | Sewer    | Entered a sewer
  3240 | D:4      | Found an ancient bone altar of Kikubaaqudgha.
  3240 | D:4      | Found a bloodstained altar of Trog.
  3240 | D:4      | Found a stormy altar of Qazlal.
  3270 | D:4      | Reached XP level 7. HP: 55/59 MP: 6/6
  3528 | D:4      | Reached skill level 5 in Shields
  3970 | D:4      | Reached skill level 5 in Armour
  3972 | Temple   | Entered the Ecumenical Temple
  4037 | Temple   | Became a worshipper of Warmaster Okawaru
  4272 | D:5      | Entered Level 5 of the Dungeon
  4282 | D:5      | Reached skill level 5 in Fighting
  4282 | D:5      | Reached skill level 8 in Maces & Flails
  4361 | D:5      | Found a shimmering altar of Xom.
  4569 | D:5      | Noticed Dowan
  4570 | D:5      | Noticed Duvessa
  4579 | D:5      | Killed Duvessa
  4579 | D:5      | Reached XP level 8. HP: 60/68 MP: 7/7
  4599 | D:5      | Killed Dowan
  4823 | D:5      | Found a deep blue altar of Sif Muna.
  4823 | D:5      | Found a basalt altar of Yredelemnul.
  5029 | D:6      | Reached * piety under Okawaru
  5165 | D:6      | Got a coiled golden ring
  5187 | D:6      | Found a shimmering altar of Xom.
  5412 | D:6      | Got a ring of the Octopus King
  5674 | D:6      | Identified the ring of the Raven {rCorr Fragile Int+5} (You found it on level 6 of the Dungeon)
  5676 | D:6      | Identified a ring of the Octopus King {rC+ AC+1 EV+1 Str+1 Int+1 Dex+1} (You found it on level 6 of the Dungeon)
  5908 | D:7      | Reached skill level 1 in Invocations
  6205 | D:7      | Found a runed door.
  6218 | D:7      | Found a runed door.
  6249 | D:7      | Reached skill level 1 in Evocations
  6249 | D:7      | Reached XP level 9. HP: 75/77 MP: 8/8
  6390 | D:7      | Reached skill level 9 in Maces & Flails
  6474 | D:7      | Reached ** piety under Okawaru
  6570 | D:7      | Got a polished shield
  6581 | D:7      | Identified the +5 shield of the Sea {rC+} (You found it on level 7 of the Dungeon)
  6598 | D:7      | Found a glowing silver altar of Zin.
  6598 | D:7      | Found a shadowy altar of Dithmenos.
  6809 | D:7      | Found a radiant altar of Vehumet.
  6932 | D:7      | Reached skill level 5 in Dodging
  7349 | D:8      | Reached *** piety under Okawaru
  7796 | D:8      | Noticed Erica
  7822 | D:8      | Killed Erica
  7822 | D:8      | Reached XP level 10. HP: 75/86 MP: 11/11
  8138 | D:8      | Reached **** piety under Okawaru
  8838 | D:9      | Found Cazing's Assorted Antiques.
  9259 | D:9      | Reached skill level 10 in Maces & Flails
  9277 | D:9      | Reached ***** piety under Okawaru
  9583 | D:9      | Found a sacrificial altar of Ru.
  9672 | D:9      | Found a roughly hewn altar of Beogh.
  9674 | D:9      | Found a staircase to the Orcish Mines.
  9959 | D:10     | Entered Level 10 of the Dungeon
 10439 | D:10     | HP: 2/89 [something (6)]
 10444 | D:10     | Slain by an unseen horror

Vault maps used:
D:1:      minmay_arrival_five_plusses
D:2:      serial_bayou_pond_b
D:3:      nicolae_overflow_crystal_walls, grunt_gozag_statues, first_bread
D:4:      grunt_temple_overflow_open, minmay_temple_entry_oklob,
          portal_sewer_entry_b
D:5:      xom_butterflies, gammafunk_temple_overflow_pools, grunt_ministairs_1,
          uniq_duvessa
D:6:      basic_altar
D:7:      lemuel_insect_pit, overflow_temple_1_default,
          gammafunk_temple_overflow_wave
D:8:      hangedman_pestilent_swarm, nicolae_straight_to_the_point, uniq_erica
D:9:      nicolae_ru_the_path_less_chosen, david_orc_5, serial_shops,
          nicolae_shop_stone
D:10:     uniq_maurice, uniq_psyche
Temple:   grunt_temple_mini_profane_8
Sewer:    kennysheep_pipe_town

Skill      XL: |  1  2  3  4  5  6  7  8  9 10 |
---------------+-------------------------------+-----
Maces & Flails | 3 4 5 6 7 8 9 10 | 10.3
Shields        | 4 5 6 8 |  8.7
Armour         | 4 5 6 7 8 |  8.8
Dodging        | 1 3 4 5 6 |  6.7
Fighting       | 4 5 6 7 8 |  8.3
Invocations    | 1 3 4 |  4.4
Evocations     | 1 2 4 |  4.4

Action                   |  1- 3 |  4- 6 |  7- 9 | 10-12 || total
-------------------------+-------+-------+-------+-------++-------
Melee: Flail             |    88 |   209 |   475 |   356 ||  1128
       Mace              |       |       |       |     6 ||     6
 Fire: Hunting sling     |       |       |     3 |       ||     3
Invok: Heroism           |       |       |       |     1 ||     1
  Use: Scroll            |       |       |     5 |     3 ||     8
       Potion            |       |       |       |     1 ||     1
  Eat: Chunk             |       |     8 |    14 |     9 ||    31
       Fruit             |       |       |     1 |       ||     1
